 Dungeon Crawl Stone Soup version 0.29-a0-648-g6b26cc9f40 (webtiles) character file.

Game seed: 434696381624777318

48 kae the Firebug (level 3, 0/20 HPs)
             Began as a Deep Elf Fire Elementalist on June 20, 2022.
             Succumbed to an adder's poison
             ... on level 2 of the Dungeon.
             The game lasted 00:01:06 (1382 turns).

kae the Firebug (Deep Elf Fire Elementalist)        Turns: 1382, Time: 00:01:07

Health: 0/20       AC:  2    Str:  5    XL:     3   Next: 50%
Magic:  6/10       EV: 12    Int: 21    God:
Gold:   82         SH:  0    Dex: 15    Spells: 3/9 levels left

rFire   . . .      SeeInvis .   (no weapon)
rCold   . . .      Faith    .   (no shield)
rNeg    . . .      Spirit   .   a - +0 robe
rPois   .          Reflect  .   (no helmet)
rElec   .          Harm     .   (no cloak)
rCorr   .          Rampage  .   (no gloves)
Will    .....                   (no boots)
Stlth   ++........              (no amulet)
HPRegen 0.06/turn               (no ring)
MPRegen 0.12/turn               (no ring)

@: lethally poisoned (0 -> -2)
A: no striking features
a: no special abilities


You were on level 2 of the Dungeon.
You visited 1 branch of the dungeon, and saw 2 of its levels.

You collected 82 gold pieces.

Inventory:

Armour
 a - a +0 robe (worn)
Jewellery
 d - a ring of protection from cold
Scrolls
 c - 2 scrolls of identify
Potions
 b - a potion of magic
 e - 2 potions of curing
 f - a potion of might {unknown}


   Skills:
 + Level 0.7 Fighting
 - Level 2.4 Dodging
 - Level 2.4 Stealth
 + Level 3.5 Spellcasting
 * Level 2.2 Conjurations
 * Level 4.0 Fire Magic


You had 3 spell levels left.
You knew the following spells:

 Your Spells              Type           Power      Damage    Failure   Level
a - Foxfire               Conj/Fire      64%        2x1d7     3%          1
b - Scorch                Fire           40%        2d7       3%          2
c - Conjure Flame         Conj/Fire      16%        6-21      11%         3

Your spell library contained the following spells:

 Spells                   Type           Power      Damage    Failure   Level
 Magic Dart               Conj           52%        1d5       4%          1
 Inner Flame              Hex/Fire       12%        N/A       17%         3
 Call Imp                 Summ           3%         N/A       19%         2
 Mephitic Cloud           Conj/Pois/Air  6%         N/A       28%         3
 Flame Wave               Conj/Fire      16%        2d6       34%         4


Dungeon Overview and Level Annotations

Branches:
Dungeon (2/15)

Altars:

Annotations:
D:2 Robin


Message History

Robin shouts!
You hear a shout!
Your Fire Magic skill increases to level 4!
Casting: Foxfire (safe; 3% risk of failure)
Confirm with . or Enter, or press ? or * to list all spells.
You conjure some foxfire!
The goblin shoots a sling bullet.
The sling bullet barely misses you. The sling bullet hits your foxfire!
The hobgoblin shoots a sling bullet.
The sling bullet closely misses you. The sling bullet hits your foxfire.
The goblin barely misses you.
The foxfire hits the goblin.
You kill the goblin!
The foxfire hits the adder.
The adder is moderately wounded.
The goblin shoots a sling bullet.
The sling bullet hits you.
A goblin comes into view. It is wielding a +0 dagger.
Robin throws the goblin at you!
Okay, then.
Okay, then.
The goblin attacks as you move away! The goblin hits you but does no damage.
The adder attacks as you move away! The adder closely misses you.
The adder closely misses you.
There is a stone staircase leading down here.
The goblin hits you but does no damage. The goblin attacks as you move away!
The goblin hits you with a +0 dagger. The adder closely misses you.
Robin roars a battlecry!
The goblins go into a battle-frenzy!
The adder attacks as you move away! The adder closely misses you.
The adder misses you.
There is a stone staircase leading down here.
The adder attacks as you move away! The adder completely misses you.
The adder attacks as you move away! The adder bites you.
* * * LOW HITPOINT WARNING * * *
You are poisoned.
The adder poisons you!
* * * LOW HITPOINT WARNING * * *
You feel sick. The adder attacks as you move away! The adder bites you.
* * * LOW HITPOINT WARNING * * *
x2 You feel sick.
The adder bites you but does no damage.
You die...

#.......>...#
#....>..g...#
#.###......g#+###
#.......###g# #
#######.# #g#.# ##
#....###.#.#...#
#....+.>.......#
####....###.#.#####
#......@.Sg.#...
#.########### ###
#.# #.# #.# ### #.#
#.# #.# #.# #.# #.#
#ยง#


You could see an adder and a goblin (strong).

Vanquished Creatures
  An adder (D:2)
  2 endoplasms
  2 giant cockroaches (D:1)
  8 goblins
  3 hobgoblins
  4 quokkas (D:1)
  2 ball pythons (D:2)
  4 bats (D:1)
  A frilled lizard (D:1)
  3 kobolds
  4 rats
34 creatures vanquished.

Vanquished Creatures (others)
  93 foxfires
93 creatures vanquished.

Grand Total: 127 creatures vanquished

Notes
Turn   | Place    | Note
-------+----------+-------------------------------------------
     0 | D:1      | kae the Deep Elf Fire Elementalist began the quest for the
                  | Orb.
     0 | D:1      | Reached XP level 1. HP: 10/10 MP: 6/6
   304 | D:1      | Reached XP level 2. HP: 15/15 MP: 4/8
   307 | D:1      | Learned a level 2 spell: Scorch
  1192 | D:2      | Reached XP level 3. HP: 20/20 MP: 0/9
  1196 | D:2      | Learned a level 3 spell: Conjure Flame
  1366 | D:2      | Noticed Robin
  1367 | D:2      | Reached skill level 4 in Fire Magic
  1381 | D:2      | HP: 1/20 [poisoned by an adder]
  1382 | D:2      | Succumbed to an adder's poison

Illustrated notes

Levels and vault maps discovered:
D:1:      dpeg_arrival_ternary, layout_rooms, columned_hall_lemuel, st_stairs_4,
          dk_noncrumbling_3
D:2:      layout_basic, basic_altar, serial_shops, shop, minmay_box_of_dots,
          uniq_robin, uniq_natasha

Skill      XL: |  1  2  3 |
---------------+----------+-----
Conjurations   | 2 |  2.2
Fire Magic     | 4 |  4.0
Fighting       | |  0.7
Dodging        | |  2.4
Stealth        | |  2.4
Spellcasting   | |  3.5

Action                   || total
-------------------------++-------
 Cast: Foxfire           ||    57
       Scorch            ||     7
  Use: Scroll            ||     1
Armor: Robe              ||     7
Dodge: Dodged            ||    23

Table legend: (Time is in decaauts)
 A = Elapsed time spent in this place.
 B = Non-inter-level travel time spent in this place.
 C = Inter-level travel time spent in this place.
 D = Time resting spent in this place.
 E = Time spent auto-exploring this place.
 F = Levels seen in this place.
 G = Mean time per level.
                   A        B        C        D        E       F      G
               +--------+--------+--------+--------+--------+-----+--------+
         Total |   1381 |   1370 |     11 |      0 |   1170 |   2 |  690.5 |
       Dungeon |   1381 |   1370 |     11 |      0 |   1170 |   2 |  690.5 |
               +--------+--------+--------+--------+--------+-----+--------+

Top non-repeatable levels by time:
     D:1: 1115 daAuts
     D:2: 266 daAuts
